AoeStats
← Tavik

Nomad

509764970Analyzed
2v2 RM · 3d ago on Sep 27, 2026· 48m 32s· 4 players
Game mode
Random Map
Map size
176×176
Population
200
Speed
Normal
Resources
Standard
Victory
Conquest
Starting age
Dark Age
Ending age
Imperial Age
RankedLock teamsTeams togetherTeam positionsShared explorationLock speedFull tech treeHidden civsTurbo modeCheats
Victory
Defeat
🇨🇴 Byzantines · Colombia
1336
+15
🇨🇭 Celts · Switzerland
1286
+17
🇨🇿 Khitans · Czechia
1324
-16
🇨🇿 Bengalis · Czechia
1318
-16
ink55
5:46 Loom
13:13 Feudal Age
18:14 Fletching
19:46 Double-Bit Axe
24:08 Castle Age
23:22 Gold Mining
24:36 Forging
27:03 Bodkin Arrow
29:24 Scale Mail Armor
32:30 Stone Mining
36:45 Wheelbarrow
38:14 Horse Collar
41:49 Ballistics
44:50 Imperial Age
43:24 Masonry
44:13 Chain Mail Armor
44:58 Hand Cart
45:24 Iron Casting
48:01 Blast Furnace
47:11 Onager
48:33 Bow Saw
Fossil
4:27 Loom
12:36 Feudal Age
13:02 Double-Bit Axe
21:21 Castle Age
19:26 Horse Collar
20:13 Fletching
20:32 Fishing Lines
21:45 Padded Archer Armor
21:22 Crossbowman
21:59 Bodkin Arrow
22:28 Bow Saw
23:10 Wheelbarrow
24:16 Gold Mining
27:02 Ballistics
29:52 Leather Archer Armor
37:18 Imperial Age
36:52 Stone Mining
37:47 Husbandry
39:00 Chemistry
37:28 Arbalester
38:15 Thumb Ring
38:33 Bracer
40:23 Hoardings
40:41 Murder Holes
40:42 Light Cavalry
41:47 Hussar
42:44 Scale Barding Armor
42:50 Forging
43:48 Chain Barding Armor
45:33 Iron Casting
47:09 Plate Barding Armor
48:48 Gillnets
Tavik
5:04 Loom
12:57 Feudal Age
17:25 Castle Age
22:59 Wheelbarrow
22:12 Double-Bit Axe
27:29 Town Watch
28:57 Fletching
30:20 Bodkin Arrow
32:03 Squires
31:50 Arson
38:17 Imperial Age
38:27 Lamellar Armor
41:06 Elite Skirmisher
42:31 Bracer
42:32 Padded Archer Armor
43:25 Thumb Ring
Melioth
4:57 Loom
13:53 Feudal Age
17:11 Double-Bit Axe
22:55 Forging
24:21 Scale Barding Armor
24:09 Fishing Lines
28:22 Castle Age
26:17 Stone Mining
29:18 Gillnets
33:11 Gold Mining
34:40 Wheelbarrow
34:37 Bow Saw
34:47 Horse Collar
37:02 Hand Cart
39:10 Iron Casting
38:56 Chain Barding Armor
38:28 Fletching
38:39 Padded Archer Armor
41:03 Fletching
41:34 Chain Barding Armor
41:15 Padded Archer Armor
43:07 Bodkin Arrow
45:16 Leather Archer Armor
46:43 Ballistics
46:56 Husbandry
47:07 Bloodlines
Connection lost

Rejoining the realm…

Still unreachable

The connection could not be restored.

Session expired

The server has moved on; the page needs a fresh start.